Map: Ulrena

Players

SticklerMac - Winner!

  • Race: Zerg Zerg
  • League: Gold

Alva

  • Race: Zerg Zerg
  • League: Gold

VOD

Have the link to the VOD?

Description

Time

  • Played on: Nov. 10, 2015, 10:41 a.m.
  • Length: 5:33
Show
View Real Time Build Order
Export as new Build Order

SticklerMac Zerg - Winner!

Build Orders: Hatch First, Zergling Baneling 

Get SALT Encoding   

  12  0:00  Drone  
  13  0:10  Drone  
  14  0:17  Overlord  
  14  0:35  Drone x3  
  17  0:54  Hatchery  
  16  1:00  Drone  
  16  1:01  Drone  
  18  1:04  Extractor  
  17  1:15  Spawning Pool  
  16  1:19  Drone  
  17  1:28  Drone  
  17  1:31  Drone  
  19  1:40  Overlord  
  19  1:51  Drone  
  20  2:02  Queen  
  20  2:04  Metabolic Boost  
  20  2:06  Queen  
  24  2:11  Drone  
  24  2:13  Drone  
  26  2:16  Drone  
  27  2:24  Baneling Nest  
  27  2:27  Drone  
  27  2:31  Drone  
  27  2:33  Zergling x2  
  29  2:37  Zergling x2  
  30  2:45  Zergling x4  
  30  2:50  Drone  
  33  2:56  Drone  
  34  3:01  Drone  
  35  3:07  Zergling x2  
  34  3:14  Zergling x4  
  34  3:18  Zergling x6  
  35  3:24  Zergling x6  
  35  3:28  Zergling x2  
  35  3:35  Queen  
  35  3:39  Zergling x2  
  36  3:42  Queen  
  35  3:50  Overlord x2  
  35  3:56  Baneling  
  35  3:57  Baneling x5  
  35  4:02  Baneling x3  
  35  4:03  Baneling  
  35  4:15  Zergling x6  
  35  4:16  Zergling x2  
  37  4:19  Zergling x2  
  37  4:31  Zergling x4  
  37  4:32  Zergling x6  
  42  4:44  Zergling x2  
  42  4:45  Zergling x2  
  43  5:00  Zergling x2  
  43  5:01  Zergling x12  
  43  5:05  Zergling x2  
  45  5:08  Zergling x2  
  43  5:16  Zergling x2  
Show
View Real Time Build Order
Export as new Build Order

Alva Zerg 

Build Orders: Pool First 

Get SALT Encoding   

  12  0:02  Drone  
  13  0:13  Overlord  
  13  0:17  Drone  
  14  0:31  Drone  
  14  0:32  Drone  
  14  0:35  Drone, Extractor  
  16  0:50  Spawning Pool  
  16  0:52  Drone  
  16  0:57  Drone  
  17  1:09  Drone  
  18  1:18  Drone  
  19  1:37  Metabolic Boost  
  19  1:39  Overlord  
  19  1:40  Zergling x2  
  19  1:41  Queen  
  22  2:01  Hatchery  
  22  2:03  Zergling x2  
  22  2:06  Zergling x2  
  23  2:12  Zergling x2  
  24  2:22  Overlord  
  24  2:28  Baneling Nest  
  23  2:35  Zergling x2  
  24  2:44  Zergling x2  
  24  2:51  Zergling x6  
  26  2:58  Zergling x2  
  28  3:13  Zergling x2  
  28  3:17  Zergling x2  
  29  3:20  Zergling x2  
  29  3:26  Zergling x2  
  29  3:27  Zergling x4  
  32  3:28  Baneling x2  
  32  3:29  Zergling x2  
  33  3:38  Zergling x2  
  32  3:45  Zergling x2  
  32  3:51  Baneling  
  32  3:52  Queen  
  32  3:54  Zergling x4  
  33  3:56  Baneling x2  
  33  4:03  Drone x2  
  33  4:07  Drone  
  36  4:13  Drone  
  36  4:16  Drone  
  36  4:23  Drone  
  36  4:28  Spine Crawler  
  35  4:33  Drone x2  
  37  4:39  Baneling  
  37  4:50  Drone x4  
  41  4:57  Drone x2  
  36  5:08  Zergling x6  
  36  5:09  Zergling x4  
  36  5:13  Zergling x4  
Tags
 
Add a new tag
Caveats
  • Supply blocks, unpowered buildings, or Contaminate may cause inaccurate times.
  • Supply counts are checked every 10 seconds.